[Event "Titled Tuesday Blitz February 15 Late 2022"]
[White "Sarana, Alexey"]
[Black "Goltsev, Dmitry"]
[WhiteFideId "24133795"]
[BlackFideId "24176710"]
[WhiteElo "2665"]
[BlackElo "2273"]
[Result "1-0"]
[Round "03"]
[TimeControl "180+1"]
[Date "2022.02.15"]
[WhiteClock "0:02:11"]
[BlackClock "0:00:25"]

1. d4 Nf6 2. c4 e6 3. Nc3 Bb4 4. e3 b6 5. Ne2 Bb7 6. a3 Be7 7. d5 O-O 8. Ng3 a5 9. e4 exd5 10. cxd5 Bd6 11. Bd3 Na6 12. O-O Nc5 13. Bc2 Ba6 14. Re1 Be5 15. f4 Bxc3 16. bxc3 d6 17. Be3 Re8 18. Bd4 Bc8 19. h3 Bd7 20. Qf3 c6 21. Nh5 Nxh5 22. Qxh5 h6 23. Re3 cxd5 24. Rg3 Ne6 25. Bxg7 1-0


[Site "https://www.chess.com"]

[Event "Titled Tuesday Blitz February 15 Late 2022"]
[White "Sargsyan, Anna M."]
[Black "Pinto, Daniel"]
[WhiteFideId "13308130"]
[BlackFideId "3303144"]
[WhiteElo "2271"]
[BlackElo "1938"]
[Result "1-0"]
[Round "03"]
[TimeControl "180+1"]
[Date "2022.02.16"]
[WhiteClock "0:00:39"]
[BlackClock "0:00:03"]

1. d4 Nf6 2. c4 c6 3. Nf3 d5 4. Nc3 Bg4 5. Ne5 Bf5 6. cxd5 Nxd5 7. Qb3 Qb6 8. Nxd5 cxd5 9. Qxd5 e6 10. Qc4 Bb4+ 11. Kd1 Nd7 12. Nxd7 Kxd7 13. e3 Rhc8 14. Qb5+ Ke7 15. Bd3 Qxb5 16. Bxb5 Bc2+ 17. Ke2 Be4 18. f3 Rc2+ 19. Kd1 Bg6 20. a3 Ba5 21. b4 Bb6 22. Bd2 Rac8 23. Ke2 Rb2 24. Rhc1 Rcc2 25. Rxc2 Rxc2 26. Bd3 Rb2 27. Bxg6 hxg6 28. Kd3 f6 29. a4 a5 30. bxa5 Bd8 31. Kc3 Rxd2 32. Kxd2 Bxa5+ 33. Kd3 1-0


[Site "https://www.chess.com"]

[Event "Titled Tuesday Blitz February 15 Late 2022"]
[White "Saveliev, Alexei"]
[Black "Kashefi, Amir Hosein"]
[WhiteFideId "24128546"]
[BlackFideId "12557935"]
[WhiteElo "2281"]
[BlackElo "2098"]
[Result "1-0"]
[Round "03"]
[TimeControl "180+1"]
[Date "2022.02.16"]
[WhiteClock "0:00:33"]
[BlackClock "0:00:08"]

1. c4 c6 2. d4 d5 3. Nf3 Nf6 4. g3 Bf5 5. Bg2 e6 6. O-O Nbd7 7. Nc3 Be7 8. Nh4 Bg4 9. h3 Bh5 10. g4 Bg6 11. Nxg6 hxg6 12. Bf4 dxc4 13. e4 Nb6 14. a3 Qd7 15. Qd2 O-O-O 16. Rfd1 Rh4 17. a4 a5 18. Qe3 Rdh8 19. d5 Bd8 20. dxc6 Qxc6 21. Nb5 Nfd5 22. Na7+ Kd7 23. Nxc6 Kxc6 24. exd5+ Nxd5 25. Rac1 b5 26. axb5+ Kxb5 27. Bxd5 exd5 28. Rxd5+ Ka6 29. Rd6+ Kb7 30. Qe4+ Ka7 31. Rd7+ Kb6 32. Be3+ 1-0


[Site "https://www.chess.com"]

[Event "Titled Tuesday Blitz February 15 Late 2022"]
[White "Senthil Maran K"]
[Black "Foisor, Sabina-Francesca"]
[WhiteFideId "25035681"]
[BlackFideId "1212915"]
[WhiteElo "2194"]
[BlackElo "2243"]
[Result "1-0"]
[Round "03"]
[TimeControl "180+1"]
[Date "2022.02.16"]
[WhiteClock "0:01:50"]
[BlackClock "0:00:22"]

1. d4 d5 2. c4 e6 3. Nf3 Nf6 4. g3 Be7 5. Bg2 O-O 6. Qc2 c6 7. O-O b6 8. Nbd2 Bb7 9. b3 Na6 10. Bb2 Rc8 11. e4 c5 12. exd5 exd5 13. dxc5 Nxc5 14. Rad1 Qc7 15. cxd5 Bxd5 16. Ng5 Ne6 17. Qxc7 Nxc7 18. Rfe1 Bxg2 19. Kxg2 Rfe8 20. Nc4 h6 21. Ne4 Nxe4 22. Rxe4 Bc5 23. Rxe8+ Rxe8 24. Rd7 Re7 25. Rxe7 Bxe7 26. Kf3 f6 27. Ke4 Kf7 28. f4 Ke6 29. f5+ Kd7 30. Ne3 Kd6 31. Ba3+ Kd7 32. Bxe7 Kxe7 33. Nd5+ Nxd5 34. Kxd5 Kd7 35. g4 a6 36. a3 a5 37. a4 Kc7 38. Ke6 Kc6 39. Kf7 Kc5 40. Kxg7 b5 41. axb5 Kxb5 42. Kxh6 Kb4 43. g5 Kxb3 44. gxf6 a4 45. f7 a3 46. f8=Q a2 47. Qf6 1-0


[Site "https://www.chess.com"]

[Event "Titled Tuesday Blitz February 15 Late 2022"]
[White "Slugin, Sergey"]
[Black "Szpar, Milosz"]
[WhiteFideId "4122569"]
[BlackFideId "1184989"]
[WhiteElo "2358"]
[BlackElo "2447"]
[Result "0-1"]
[Round "03"]
[TimeControl "180+1"]
[Date "2022.02.16"]
[WhiteClock "0:00:03"]
[BlackClock "0:02:04"]

1. e4 c5 2. Nf3 e6 3. d4 cxd4 4. Nxd4 Nc6 5. Nc3 Nf6 6. Nxc6 bxc6 7. Bd3 d5 8. O-O Be7 9. Qe2 O-O 10. Rd1 Bb7 11. Na4 Qc7 12. c4 Rad8 13. Bg5 Qa5 14. e5 dxc4 15. exf6 cxd3 16. fxe7 dxe2 17. exd8=Q e1=Q+ 18. Rxe1 Rxd8 19. Bxd8 Qxd8 20. Nc5 Qb6 21. Rac1 g5 22. a3 Ba6 23. b4 Bb5 24. Red1 a5 25. a4 Ba6 26. bxa5 Qxa5 27. g3 Be2 28. Rd4 Bf3 29. g4 h6 30. h3 Qc7 31. Ra1 Qe5 32. Rc4 Qxa1+ 33. Kh2 Qh1+ 34. Kg3 Qg2# 0-1


[Site "https://www.chess.com"]

[Event "Titled Tuesday Blitz February 15 Late 2022"]
[White "Sorokin, Aleksey"]
[Black "Moiseenko, Alexander"]
[WhiteFideId "24176460"]
[BlackFideId "14102560"]
[WhiteElo "2476"]
[BlackElo "2577"]
[Result "0-1"]
[Round "03"]
[TimeControl "180+1"]
[Date "2022.02.15"]
[WhiteClock "0:01:04"]
[BlackClock "0:00:04"]

1. e4 c5 2. Nf3 Nc6 3. Bb5 e6 4. O-O Nge7 5. Re1 Ng6 6. c4 Nd4 7. Ba4 Be7 8. d3 O-O 9. Be3 e5 10. Nc3 d6 11. Nd5 Bg4 12. Bxd4 cxd4 13. h3 Be6 14. Rc1 Kh8 15. b4 f5 16. Bb3 fxe4 17. dxe4 Bxd5 18. exd5 a5 19. a3 axb4 20. axb4 Nf4 21. c5 Qe8 22. Bc2 Qh5 23. Nxe5 Qxd1 24. Rcxd1 dxe5 25. Rxe5 Bf6 26. Rf5 Ne2+ 27. Kh2 Nc3 28. Rxf6 Rxf6 29. Rxd4 Rxf2 30. c6 Rxc2 31. cxb7 Rg8 32. Rc4 Rb2 33. d6 Nd5 34. d7 Nb6 35. Rc8 Nxd7 36. Rc7 Nb8 0-1


[Site "https://www.chess.com"]

[Event "Titled Tuesday Blitz February 15 Late 2022"]
[White "Suder, Jakub"]
[Black "Kozak, Adam"]
[WhiteFideId "1195310"]
[BlackFideId "753246"]
[WhiteElo "2058"]
[BlackElo "2459"]
[Result "0-1"]
[Round "03"]
[TimeControl "180+1"]
[Date "2022.02.16"]
[WhiteClock "0:00:02"]
[BlackClock "0:00:17"]

1. d4 Nf6 2. c4 c5 3. d5 b5 4. Nf3 g6 5. Qc2 Bg7 6. e4 O-O 7. cxb5 d6 8. Nc3 a6 9. a4 axb5 10. Bxb5 Na6 11. O-O Nb4 12. Qe2 Ba6 13. h3 Ne8 14. Bf4 Nc7 15. Bxa6 Rxa6 16. Rfd1 Qa8 17. Rac1 Rb6 18. Qc4 Nba6 19. Rd2 Rb4 20. Qe2 Rfb8 21. Bg5 Re8 22. e5 h6 23. Be3 dxe5 24. Nb5 Nxd5 25. Bxc5 Nxc5 26. Rxc5 Nf4 27. Qf1 Qxa4 28. Nc3 Qa7 29. Rc6 Qb7 30. Rc5 Rxb2 31. Rxb2 Qxb2 32. g3 Ne6 33. Rc4 Nd4 34. Nxd4 exd4 35. Ne4 Qb3 36. Rc7 Qd5 0-1


[Site "https://www.chess.com"]

[Event "Titled Tuesday Blitz February 15 Late 2022"]
[White "Svane, Frederik"]
[Black "Grischuk, Alexander"]
[WhiteFideId "12923044"]
[BlackFideId "4126025"]
[WhiteElo "2459"]
[BlackElo "2762"]
[Result "1/2-1/2"]
[Round "03"]
[TimeControl "180+1"]
[Date "2022.02.15"]
[WhiteClock "0:00:07"]
[BlackClock "0:00:05"]

1. e4 d5 2. exd5 Qxd5 3. Nc3 Qa5 4. d4 Nf6 5. Bc4 c6 6. Nf3 Bf5 7. Bd2 Nbd7 8. Qe2 Qc7 9. O-O-O e6 10. h3 O-O-O 11. g4 Bg6 12. Rhe1 Nd5 13. Kb1 Bd6 14. Ne5 Bxe5 15. dxe5 N7b6 16. Bb3 Nxc3+ 17. Bxc3 c5 18. Ba5 Qc6 19. Bxb6 axb6 20. Bc4 Rxd1+ 21. Rxd1 Rd8 22. Rxd8+ Kxd8 23. a3 Kc7 24. Ka2 Qe4 25. Qxe4 Bxe4 26. Kb3 g5 27. Bf1 Kd7 28. c4 Ke7 29. Kc3 f6 30. exf6+ Kxf6 31. Kd2 h6 32. Ke3 Ke5 33. f3 Bg6 34. b4 h5 35. b5 h4 36. Be2 Bc2 37. Bf1 Bb1 38. Be2 Bg6 39. Bf1 Bh7 40. Be2 Bc2 41. Bf1 Bg6 42. Be2 Bh7 43. Bd1 Bb1 44. Be2 Bc2 1/2-1/2


[Site "https://www.chess.com"]

[Event "Titled Tuesday Blitz February 15 Late 2022"]
[White "Svane, Rasmus"]
[Black "Kobo, Ori"]
[WhiteFideId "4657101"]
[BlackFideId "2812320"]
[WhiteElo "2645"]
[BlackElo "2420"]
[Result "1-0"]
[Round "03"]
[TimeControl "180+1"]
[Date "2022.02.15"]
[WhiteClock "0:01:18"]
[BlackClock "0:00:28"]

1. Nf3 g6 2. e4 Bg7 3. d4 d6 4. Bd3 Nf6 5. c3 O-O 6. h3 Nbd7 7. O-O e5 8. Re1 c6 9. Be3 Qc7 10. Nbd2 Re8 11. Qc2 b6 12. Rad1 Bb7 13. Nf1 d5 14. Nxe5 Nxe5 15. dxe5 dxe4 16. Bxe4 Nxe4 17. Qxe4 c5 18. Qh4 Qc6 19. f3 Bxe5 20. Bg5 Bg7 21. Ne3 h5 22. Nd5 Rxe1+ 23. Qxe1 Kh7 24. Qe7 Rf8 25. Nf6+ Kh8 26. Rd8 1-0


[Site "https://www.chess.com"]

[Event "Titled Tuesday Blitz February 15 Late 2022"]
[White "Sviridov, Valery"]
[Black "Al Hosani, Omran"]
[WhiteFideId "4120680"]
[BlackFideId "9308733"]
[WhiteElo "2454"]
[BlackElo "2246"]
[Result "1-0"]
[Round "03"]
[TimeControl "180+1"]
[Date "2022.02.15"]
[WhiteClock "0:00:12"]
[BlackClock "0:00:02"]

1. d4 Nf6 2. Nf3 e6 3. e3 d5 4. Nbd2 c5 5. c3 Be7 6. Bd3 O-O 7. O-O b6 8. b3 Bb7 9. Bb2 Nbd7 10. Rc1 Rc8 11. Qe2 Re8 12. Ne5 Nxe5 13. dxe5 Nd7 14. f4 f5 15. c4 Nf8 16. Rfd1 Qc7 17. cxd5 Bxd5 18. e4 fxe4 19. Nxe4 Red8 20. Qg4 Bxe4 21. Bxe4 Rxd1+ 22. Rxd1 Rd8 23. Rf1 Rd2 24. Bc3 Rxa2 25. f5 c4 26. b4 Ra3 27. f6 Bxf6 28. exf6 Rxc3 29. f7+ Kh8 30. Qh5 h6 31. Rf6 Rc1+ 32. Kf2 Qf4+ 33. Rxf4 1-0


[Site "https://www.chess.com"]

[Event "Titled Tuesday Blitz February 15 Late 2022"]
[White "Szalay, Karoly"]
[Black "Weetik, Vjacheslav"]
[WhiteFideId "2600544"]
[BlackFideId "4153472"]
[WhiteElo "2461"]
[BlackElo "2469"]
[Result "0-1"]
[Round "03"]
[TimeControl "180+1"]
[Date "2022.02.16"]
[WhiteClock "0:01:48"]
[BlackClock "0:00:57"]

1. e4 c6 2. c4 e5 3. Nc3 Nf6 4. d3 d5 5. Be2 dxc4 6. dxc4 Qxd1+ 7. Bxd1 Bb4 8. f3 Bxc3+ 9. bxc3 c5 10. Be3 b6 11. Ba4+ Bd7 12. Bxd7+ Nfxd7 13. a4 Nc6 14. Ne2 Na5 15. Bf2 Nxc4 16. O-O Ke7 17. Rfd1 f6 18. Nc1 Rhd8 19. Nb3 Nf8 20. Rxd8 Rxd8 21. Kf1 Ne6 22. a5 Rd3 23. axb6 axb6 24. Rc1 Kd7 25. g3 Kc6 26. Ke2 Rd8 27. Ra1 Kb7 28. Ra2 Nc7 29. Ra1 Nb5 30. Rc1 Kc6 31. Rc2 Ra8 32. Kd3 Nca3 0-1


[Site "https://www.chess.com"]

[Event "Titled Tuesday Blitz February 15 Late 2022"]
[White "Tang, Andrew"]
[Black "Kavyev, Ruslan"]
[WhiteFideId "2059630"]
[BlackFideId "34110981"]
[WhiteElo "2584"]
[BlackElo "2182"]
[Result "1-0"]
[Round "03"]
[TimeControl "180+1"]
[Date "2022.02.15"]
[WhiteClock "0:00:03"]
[BlackClock "0:00:06"]

1. d4 Nf6 2. c4 g6 3. f3 Bg7 4. e4 d6 5. Nc3 O-O 6. Nge2 Nc6 7. Be3 a6 8. Rb1 Na5 9. Ng3 c5 10. dxc5 Be6 11. Nd5 dxc5 12. Bxc5 Bxd5 13. cxd5 Rc8 14. b4 b6 15. Bxa6 Ra8 16. Bd4 Rxa6 17. bxa5 bxa5 18. O-O h5 19. Qe2 Ra8 20. Rfd1 h4 21. Nf1 h3 22. g4 Qd7 23. Ne3 Rfc8 24. Nc4 Rxc4 25. Qxc4 Nxg4 26. Bxg7 Kxg7 27. Qd4+ f6 28. Rb3 Ne5 29. f4 Ng4 30. Rg3 Rc8 31. f5 Rc2 32. Rxg4 g5 33. Rxg5+ Kf7 34. Rg3 Qa4 35. Qxa4 1-0


[Site "https://www.chess.com"]

[Event "Titled Tuesday Blitz February 15 Late 2022"]
[White "Tasev, Dejan"]
[Black "Qashashvili, Alexandre"]
[WhiteFideId "936618"]
[BlackFideId "13600842"]
[WhiteElo "2253"]
[BlackElo "2316"]
[Result "1-0"]
[Round "03"]
[TimeControl "180+1"]
[Date "2022.02.16"]
[WhiteClock "0:00:56"]
[BlackClock "0:01:12"]

1. e4 c6 2. d4 d5 3. Nc3 dxe4 4. Nxe4 Nd7 5. Nf3 Ngf6 6. Ng3 Nb6 7. h3 g6 8. Be2 Bg7 9. O-O h5 10. Bg5 O-O 11. Qd2 Be6 12. b3 Rc8 13. c4 Qd7 14. Ne5 Qe8 15. Bh6 Nfd7 16. Bxg7 Kxg7 17. Nf3 Nf6 18. Rad1 Rd8 19. Qa5 Nc8 20. Ng5 Bd7 21. Qe5 Kg8 22. Rfe1 Nd6 23. Bd3 Bc8 24. Nf3 Qd7 25. Qg5 Nh7 26. Qh6 Nf5 27. Bxf5 gxf5 28. Nxh5 1-0


[Site "https://www.chess.com"]

[Event "Titled Tuesday Blitz February 15 Late 2022"]
[White "Timofeev, Artyom"]
[Black "Dronavalli, Harika"]
[WhiteFideId "4140419"]
[BlackFideId "5015197"]
[WhiteElo "2583"]
[BlackElo "2382"]
[Result "0-1"]
[Round "03"]
[TimeControl "180+1"]
[Date "2022.02.15"]
[WhiteClock "0:00:34"]
[BlackClock "0:00:47"]

1. d4 Nf6 2. c4 e6 3. Nc3 Bb4 4. a3 Bxc3+ 5. bxc3 c5 6. f3 Nc6 7. e4 d6 8. Be3 b6 9. Bd3 Na5 10. Nh3 Ba6 11. Qe2 Nd7 12. O-O Qe7 13. f4 e5 14. fxe5 dxe5 15. d5 f6 16. Nf2 Nf8 17. Ng4 h5 18. Nf2 Ng6 19. g3 Qd7 20. h4 Ne7 21. Kh2 Nc8 22. Nd1 Nd6 23. Nb2 O-O-O 24. Rae1 Kb7 25. Bd2 Ka8 26. Bc1 Rc8 27. Bd2 Rcf8 28. Bc1 Rfg8 29. Bd2 Bc8 30. Nd1 Qh3+ 31. Kg1 Qxg3+ 32. Kh1 Qxh4+ 33. Kg1 Qg3+ 34. Kh1 Bg4 35. Qe3 Qh4+ 36. Kg1 Ndxc4 37. Qf2 Qxf2+ 38. Rxf2 Bxd1 39. Rxd1 Nb2 40. Bc2 Nxd1 41. Bxd1 h4 42. Kg2 h3+ 43. Kh2 Rh4 44. Bf3 Nc4 45. Bc1 Nd6 46. Re2 g5 47. Kg3 Rgh8 48. Kh2 Kb7 49. Bd2 Nc4 50. Bc1 Rg8 51. Kg3 Ka6 52. Rh2 Nd6 53. Re2 h2 54. Rxh2 Nxe4+ 55. Bxe4 Rxe4 56. Rh6 Rd8 57. Rxf6 Rxd5 58. Bxg5 Rd3+ 59. Kf2 Rxc3 60. Rf7 Rxa3 61. Rd7 Rc4 62. Ke2 Rc2+ 63. Kd1 Rg2 64. Be3 Ra1+ 65. Bc1 Rg1+ 0-1


[Site "https://www.chess.com"]

[Event "Titled Tuesday Blitz February 15 Late 2022"]
[White "Titichoca Daza, Daniel"]
[Black "Ibarra Jerez, Jose Carlos"]
[WhiteFideId "3309550"]
[BlackFideId "2226332"]
[WhiteElo "1968"]
[BlackElo "2626"]
[Result "0-1"]
[Round "03"]
[TimeControl "180+1"]
[Date "2022.02.16"]
[WhiteClock "0:00:02"]
[BlackClock "0:00:56"]

1. e4 d5 2. exd5 Qxd5 3. Nc3 Qd6 4. d4 Nf6 5. h3 g6 6. g3 Bg7 7. Bg2 O-O 8. Nge2 c5 9. O-O Rd8 10. Bf4 Qa6 11. Re1 cxd4 12. Nxd4 Nc6 13. Nxc6 Rxd1 14. Nxe7+ Kh8 15. Raxd1 Be6 16. Rd6 Qa5 17. Bxb7 Re8 18. Nc6 Qh5 19. Nd4 Qxh3 20. Nxe6 Ng4 21. Bg2 Qh2+ 22. Kf1 fxe6 23. Rdxe6 Rxe6 24. Rxe6 Bd4 25. Ne4 Qh5 26. Re7 Kg8 27. Ng5 Nf6 28. Bh3 Qd1+ 29. Kg2 Ng4 30. Nxh7 Nxf2 31. Be6+ Kh8 0-1


[Site "https://www.chess.com"]

[Event "Titled Tuesday Blitz February 15 Late 2022"]
[White "Todorovic, Bojan"]
[Black "Komissarov, Alexey"]
[WhiteFideId "917087"]
[BlackFideId "4176545"]
[WhiteElo "2266"]
[BlackElo "2216"]
[Result "1-0"]
[Round "03"]
[TimeControl "180+1"]
[Date "2022.02.16"]
[WhiteClock "0:00:24"]
[BlackClock "0:00:10"]

1. Nf3 Nf6 2. c4 e6 3. g3 d5 4. Bg2 dxc4 5. O-O Nbd7 6. Qa4 a6 7. Qxc4 b5 8. Qc2 Bb7 9. a4 c5 10. d3 Be7 11. axb5 axb5 12. Rxa8 Qxa8 13. Na3 Bc6 14. Nh4 Nd5 15. Bd2 Bxh4 16. gxh4 O-O 17. e4 N5b6 18. Be3 Rc8 19. h5 b4 20. Nc4 Nxc4 21. Qxc4 h6 22. f4 Qa5 23. f5 Bb5 24. Qc2 exf5 25. Rxf5 Qa6 26. Bf1 c4 27. d4 1-0


[Site "https://www.chess.com"]

[Event "Titled Tuesday Blitz February 15 Late 2022"]
[White "Tregubov, Pavel V."]
[Black "Sarkar, Justin"]
[WhiteFideId "4115341"]
[BlackFideId "2010011"]
[WhiteElo "2341"]
[BlackElo "2038"]
[Result "1-0"]
[Round "03"]
[TimeControl "180+1"]
[Date "2022.02.16"]
[WhiteClock "0:02:08"]
[BlackClock "0:00:03"]

1. e4 e5 2. Nf3 Nc6 3. Bb5 a6 4. Ba4 Nf6 5. d4 exd4 6. O-O Be7 7. e5 Ne4 8. Nxd4 Nc5 9. Nf5 O-O 10. Qg4 g6 11. Bxc6 dxc6 12. Nxe7+ Qxe7 13. Qg3 Bf5 14. Nc3 Rfe8 15. Re1 Bxc2 16. Bg5 Qf8 17. Qh4 Bf5 18. g4 Be6 19. b4 Nd3 20. Re3 Bc4 21. Ne4 1-0


[Site "https://www.chess.com"]

[Event "Titled Tuesday Blitz February 15 Late 2022"]
[White "Urbina Perez, Juan Antonio"]
[Black "Celestino, Rafael Teixeira"]
[WhiteFideId "2217368"]
[BlackFideId "2108925"]
[WhiteElo "2192"]
[BlackElo "2284"]
[Result "0-1"]
[Round "03"]
[TimeControl "180+1"]
[Date "2022.02.16"]
[WhiteClock "0:01:15"]
[BlackClock "0:01:20"]

1. Nf3 Nf6 2. e3 g6 3. b3 Bg7 4. Bb2 O-O 5. h4 h5 6. c4 c6 7. Be2 d5 8. Ng5 Qd6 9. Nc3 a6 10. cxd5 cxd5 11. Bf3 Nc6 12. Ne2 e5 13. Ng3 e4 14. Bxf6 Qxf6 15. Rc1 exf3 16. gxf3 Nb4 17. d4 Bf5 18. O-O Rac8 19. Qd2 a5 20. a3 Nc6 21. e4 dxe4 22. fxe4 Bg4 23. e5 Qe7 24. f3 Be6 25. f4 Rfd8 26. f5 Rxd4 27. Rxc6 Rxd2 28. Rxc8+ Bxc8 29. f6 Qxe5 0-1


[Site "https://www.chess.com"]

[Event "Titled Tuesday Blitz February 15 Late 2022"]
[White "Van Foreest, Jorden"]
[Black "Jaracz, Pawel"]
[WhiteFideId "1039784"]
[BlackFideId "1102222"]
[WhiteElo "2609"]
[BlackElo "2429"]
[Result "1-0"]
[Round "03"]
[TimeControl "180+1"]
[Date "2022.02.15"]
[WhiteClock "0:01:50"]
[BlackClock "0:00:14"]

1. e4 c6 2. Nc3 d5 3. d3 e5 4. f4 exf4 5. Bxf4 Bb4 6. Nf3 Ne7 7. Be2 dxe4 8. dxe4 Qxd1+ 9. Rxd1 Be6 10. a3 Bxc3+ 11. bxc3 Nd7 12. O-O Nb6 13. Rb1 O-O-O 14. Nd4 Bc4 15. Bg4+ Nd7 16. Rfd1 h5 17. Bh3 Ng6 18. Bd6 Be6 19. Nxe6 fxe6 20. Bxe6 Rde8 21. Bf5 Ne7 22. Bh3 g5 23. Bxd7+ Kxd7 24. Rxb7+ Ke6 25. Bc5 Nc8 26. Rc7 Rd8 27. Rxc6+ Ke5 28. Bd4+ Kxe4 29. Re6+ Kf5 30. Rf6+ Kg4 31. h3+ Kh4 32. Bf2# 1-0


[Site "https://www.chess.com"]

[Event "Titled Tuesday Blitz February 15 Late 2022"]
[White "Van den Dikkenberg, Erik"]
[Black "Bugayev, Vladimir"]
[WhiteFideId "1005880"]
[BlackFideId "30901480"]
[WhiteElo "2118"]
[BlackElo "2415"]
[Result "0-1"]
[Round "03"]
[TimeControl "180+1"]
[Date "2022.02.16"]
[WhiteClock "0:00:04"]
[BlackClock "0:01:02"]

1. e4 c6 2. d4 d5 3. exd5 cxd5 4. Bd3 Nc6 5. c3 Nf6 6. Bf4 Bg4 7. Qb3 Qd7 8. Nd2 e6 9. Ngf3 Bd6 10. Bxd6 Qxd6 11. O-O O-O 12. Rae1 Ne7 13. Ne5 Bf5 14. Ndf3 Bxd3 15. Nxd3 Ne4 16. Nfe5 Nd2 17. Qxb7 Nxf1 18. Kxf1 Rfb8 19. Qd7 Qxd7 20. Nxd7 Rd8 21. N7c5 Nf5 22. a4 Nd6 23. b4 Nc4 24. a5 Rab8 25. Ne5 Nxe5 26. Rxe5 Rd6 27. f4 f6 28. Rxe6 Rxe6 29. Nxe6 Re8 30. f5 g6 31. g4 gxf5 32. gxf5 Kf7 33. Kf2 Rg8 34. Nf4 Rg5 35. Ke3 Rxf5 36. b5 Rg5 37. b6 axb6 38. axb6 Rg8 39. Nxd5 Ke6 40. c4 Rg7 41. Kf4 h5 42. h4 Rb7 43. Ke4 Rg7 44. Nf4+ Kd6 45. c5+ Kc6 46. Nxh5 Rg4+ 47. Kd3 f5 48. Nf6 Rxh4 49. Kc4 Rf4 50. Ne8 Rh4 51. Nf6 Rf4 52. Ne8 Re4 53. Nd6 Rf4 54. b7 Kc7 55. Kd5 Rf1 56. Ke5 f4 57. d5 f3 58. Ne4 Re1 59. d6+ Kxb7 60. d7 Kc7 61. c6 Rxe4+ 62. Kxe4 f2 63. Kd5 f1=Q 64. Ke6 Qe2+ 65. Kf7 Qf3+ 0-1


[Site "https://www.chess.com"]

[Event "Titled Tuesday Blitz February 15 Late 2022"]
[White "Vidit, Santosh Gujrathi"]
[Black "Wagner, Dennis"]
[WhiteFideId "5029465"]
[BlackFideId "24650684"]
[WhiteElo "2654"]
[BlackElo "2355"]
[Result "1-0"]
[Round "03"]
[TimeControl "180+1"]
[Date "2022.02.15"]
[WhiteClock "0:00:26"]
[BlackClock "0:00:06"]

1. Nf3 Nf6 2. g3 g6 3. Bg2 Bg7 4. d4 O-O 5. c4 c6 6. O-O d5 7. Qb3 a5 8. Rd1 a4 9. Qb4 dxc4 10. Qxc4 Bf5 11. Bf4 Qa5 12. Qc1 Nbd7 13. Nbd2 Rfc8 14. a3 c5 15. Nc4 Qa6 16. d5 Be4 17. Nfe5 Bxg2 18. Kxg2 Nxe5 19. Bxe5 b5 20. Ne3 Qb7 21. f3 c4 22. Qc3 Rd8 23. d6 Ne4 24. Qd4 Rxd6 25. Nd5 Bxe5 26. Qxe4 Rb8 27. Qxe5 Re6 28. Qd4 Rxe2+ 29. Kg1 f6 30. Re1 Rxe1+ 31. Rxe1 1-0


[Site "https://www.chess.com"]

[Event "Titled Tuesday Blitz February 15 Late 2022"]
[White "Vovk, Orest"]
[Black "Golubev, Mikhail"]
[WhiteFideId "14113490"]
[BlackFideId "14100983"]
[WhiteElo "2203"]
[BlackElo "2374"]
[Result "1-0"]
[Round "03"]
[TimeControl "180+1"]
[Date "2022.02.16"]
[WhiteClock "0:00:05"]
[BlackClock "0:00:01"]

1. h4 Nf6 2. h5 e5 3. h6 g6 4. d4 exd4 5. Qxd4 Nc6 6. Qa4 b5 7. Qh4 Be7 8. Bg5 d5 9. Nf3 Ne4 10. Bxe7 Qxe7 11. Qxe7+ Kxe7 12. a3 d4 13. Nbd2 Nxd2 14. Nxd2 Bf5 15. O-O-O Rhd8 16. g3 Ne5 17. Bh3 Bxh3 18. Rxh3 c5 19. Ne4 Rac8 20. Rh4 f5 21. Ng5 Ng4 22. f3 Nf6 23. e4 fxe4 24. fxe4 Rh8 25. Rf1 Rcf8 26. e5 Nd7 27. Rxf8 Rxf8 28. Nxh7 Nxe5 29. Ng5 Nc4 30. Re4+ Kd7 31. Rf4 Re8 32. Rf1 Nd6 33. h7 Rh8 34. Rf6 Re8 35. Rxg6 Nc4 36. Kb1 Re1+ 37. Ka2 Rh1 38. Rg8 Ne3 39. h8=Q Rxh8 40. Rxh8 Nxc2 41. Rh7+ Kc6 42. Ne4 c4 43. Rh5 d3 44. g4 a5 45. a4 1-0


[Site "https://www.chess.com"]

[Event "Titled Tuesday Blitz February 15 Late 2022"]
[White "Vusatiuk, Vladimir"]
[Black "Kosteniuk, Alexandra"]
[WhiteFideId "14118610"]
[BlackFideId "4128125"]
[WhiteElo "2157"]
[BlackElo "2469"]
[Result "1-0"]
[Round "03"]
[TimeControl "180+1"]
[Date "2022.02.16"]
[WhiteClock "0:00:05"]
[BlackClock "0:00:06"]

1. Nf3 Nf6 2. d4 e6 3. g3 b6 4. Bg2 Bb7 5. O-O Be7 6. c4 O-O 7. Nc3 d5 8. Ne5 Nbd7 9. Bf4 c5 10. cxd5 exd5 11. Rc1 Nxe5 12. dxe5 Ne4 13. Nxe4 dxe4 14. Qc2 Qd5 15. Rfd1 Qc6 16. b4 Rfd8 17. b5 Qg6 18. h4 h6 19. h5 Qf5 20. e3 Qxh5 21. Rxd8+ Rxd8 22. Bxe4 Bxe4 23. Qxe4 Qg4 24. Qb7 Qd7 25. Qxd7 Rxd7 26. e4 g5 27. Be3 Rd3 28. a4 Bf8 29. Kf1 Bg7 30. Ke2 Ra3 31. f4 Rxa4 32. Kf3 Ra3 33. Rd1 g4+ 34. Ke2 Ra2+ 35. Kd3 Bf8 36. Kc4 Re2 37. Rd3 h5 38. Kd5 h4 39. gxh4 g3 40. Bg1 g2 41. f5 Bh6 42. Rg3+ Kh7 43. e6 fxe6+ 44. fxe6 Rd2+ 45. Ke5 Bg7+ 46. Kf5 Bf8 47. Kf6 Rd1 48. Rxg2 Rf1+ 49. Ke5 c4 50. Rf2 Bg7+ 51. Kd5 Rd1+ 52. Kxc4 Rd4+ 53. Kb3 Rxe4 54. Rf7 Rxe6 55. Bd4 Rg6 56. Bxg7 Rxg7 57. Rxg7+ Kxg7 58. Kc4 Kh6 59. Kd5 Kh5 60. Kc6 Kxh4 61. Kb7 1-0


[Site "https://www.chess.com"]

[Event "Titled Tuesday Blitz February 15 Late 2022"]
[White "Wartiovaara, Oliver"]
[Black "Mikhalsky, Vladimir"]
[WhiteFideId "513024"]
[BlackFideId "14144352"]
[WhiteElo "1971"]
[BlackElo "2248"]
[Result "0-1"]
[Round "03"]
[TimeControl "180+1"]
[Date "2022.02.16"]
[WhiteClock "0:00:11"]
[BlackClock "0:00:19"]

1. e4 c5 2. Nf3 Nc6 3. Bb5 g6 4. O-O Bg7 5. c3 a6 6. Bxc6 dxc6 7. d3 Nf6 8. h3 O-O 9. Be3 c4 10. e5 Nd5 11. Bd4 cxd3 12. Qxd3 Bf5 13. Qe2 Nf4 14. Qe3 Bh6 15. Kh2 Kg7 16. g4 Nd5 17. Qe2 Bf4+ 18. Kh1 Be6 19. Nbd2 h5 20. gxh5 Rh8 21. hxg6 Bxh3 22. e6+ f6 23. Kg1 Rh6 24. Ne4 Rxg6+ 25. Ng3 Bxg3 26. fxg3 Rxg3+ 27. Kh2 Rg2+ 28. Qxg2+ Bxg2 29. Kxg2 Nf4+ 30. Kf2 Nxe6 31. Rg1+ Kf7 32. Rh1 Qg8 33. Rag1 Ng5 34. Nxg5+ fxg5 35. Rh8 Qxh8 36. Bxh8 Rxh8 37. Rxg5 Rh2+ 38. Rg2 Rxg2+ 39. Kxg2 Kf6 40. Kf3 Ke5 41. Ke3 c5 42. b3 b5 43. Kd3 Kd5 44. c4+ bxc4+ 45. bxc4+ Ke5 46. Ke3 a5 47. a4 e6 48. Kd3 Kf4 49. Ke2 Ke4 50. Kd2 Kd4 0-1


[Site "https://www.chess.com"]